 Dungeon Crawl Stone Soup version 0.25-a0-253-g6f1b5d974a (webtiles) character file.

Game seed: 249709776305210829, levelgen mode: classic

32190 Borgoz the Protected (level 13, -1/82 HPs)
             Began as a Gargoyle Gladiator on Dec 5, 2019.
             Was an Elder of Ashenzari.
             Slain by a death knight
             ... wielding a +4 great mace
              (14 damage)
             ... on level 13 of the Dungeon.
             The game lasted 00:44:20 (16259 turns).

Borgoz the Protected (Gargoyle Gladiator)          Turns: 16259, Time: 00:44:21

Health: -1/82      AC: 21    Str: 24    XL:     13   Next: 63%
Magic:  13/13      EV: 17    Int: 11    God:    Ashenzari [****..]
Gold:   361        SH:  0    Dex: 11    Spells: 12/12 levels left

rFire    + . .     SeeInvis +   a - +2 falchion (elec)
rCold    + . .     Gourm    .   (no shield)
rNeg     + . .     Faith    .   P - +0 steam dragon scales
rPois    ∞         Spirit   .   c - +1 helmet
rElec    +         Reflect  .   u - scarf {rC+ rF+}
rCorr    .         Harm     .   o - +0 pair of gloves
MR       +....     Clarity  +   (no boots)
Stlth    +.........             p - amulet of the acrobat
HPRegen  0.23/turn              O - +3 ring of strength
MPRegen  0.13/turn              i - ring of protection from magic

@: very slightly contaminated
A: negative energy resistance 1, electricity resistance, unbreathing,
petrification resistance, rot immunity, AC +9
a: Curse Item, Scrying, Renounce Religion


You were on level 13 of the Dungeon.
You worshipped Ashenzari.
Ashenzari was greatly pleased with you.
You were very hungry.

You visited 3 branches of the dungeon, and saw 16 of its levels.
You also visited: Sewer and Ossuary.

You collected 663 gold pieces.
You spent 302 gold pieces at shops.

Inventory:

Hand Weapons
 a - a +2 falchion of electrocution (weapon)
 b - a +1 scimitar of flaming
 A - a +2 great sword of holy wrath
Missiles
 d - 2 throwing nets (quivered)
Armour
 c - a +1 helmet (worn)
 o - a +0 pair of gloves (worn)
 u - a scarf of resistance (worn)
 N - the +1 ring mail "Biwack" {rCorr}
   (You bought it in a shop on level 7 of the Dungeon)

   It provides partial protection from all sources of acid and corrosion.
 P - +0 steam dragon scales (worn)
Jewellery
 i - a ring of protection from magic (right hand)
 l - an uncursed ring of resist corrosion
 p - an amulet of the acrobat (around neck)
 O - a +3 ring of strength (left hand)
 T - an uncursed amulet of regeneration
Wands
 k - a wand of enslavement (9)
 v - a wand of iceblast (8)
 w - a wand of polymorph (27)
 G - a wand of flame (41)
 H - a wand of disintegration (9)
 L - a wand of random effects (65)
 M - a wand of acid (21)
Scrolls
 g - 7 scrolls of teleportation
 j - 2 scrolls of amnesia
 m - 2 scrolls of enchant weapon
 s - 3 scrolls of fog
 y - 2 scrolls of magic mapping
 B - 2 scrolls of fear {unknown}
 C - 4 scrolls of remove curse
 D - a scroll of summoning {unknown}
 E - a scroll of brand weapon
 J - 2 scrolls of enchant armour
 S - a scroll of blinking
Potions
 e - 3 potions of flight
 h - 4 potions of haste
 n - 2 potions of brilliance
 q - 6 potions of magic
 r - a potion of invisibility
 t - 2 potions of agility
 x - a potion of resistance
 z - 4 potions of might
 F - a potion of berserk rage
 K - a potion of mutation
 Q - 2 potions of cancellation {unknown}
Comestibles
 f - 25 rations


   Skills:
 + Level 10.0 Fighting
 * Level 11.5 Long Blades
 - Level 1.7 Throwing
 * Level 13.1 Armour
 * Level 10.6 Dodging


You had 12 spell levels left.
You didn't know any spells.
Your spell library contained the following spells:

 Spells                   Type           Power        Failure   Level  Hunger
 Beastly Appendage        Tmut           #.....       34%         1    ##.....
 Freeze                   Ice            #...         34%         1    ##.....
 Magic Dart               Conj           #...         34%         1    ##.....
 Blink                    Tloc           N/A          47%         2    ###....
 Call Imp                 Summ           #.......     47%         2    ###....
 Slow                     Hex            #.......     47%         2    ###....
 Sticks to Snakes         Tmut           #.......     47%         2    ###....
 Conjure Flame            Conj/Fire      #.......     71%         3    ####...
 Mephitic Cloud           Conj/Pois/Air  #.......     71%         3    ####...
 Ozocubu's Armour         Chrm/Ice       #.......     71%         3    ####...
 Spider Form              Tmut/Pois      #.........   71%         3    ####...
 Hailstorm                Conj/Ice       #.......     98%         4    #####..
 Ice Form                 Ice/Tmut       #.......     98%         4    #####..
 Summon Ice Beast         Ice/Summ       #.......     98%         4    #####..
 Blade Hands              Tmut           #.........   100%        5    ######.


Dungeon Overview and Level Annotations

Branches:
Dungeon (14/15)            Temple (1/1) D:5            Lair (0/6) D:8
    Orc (1/2) D:9           Sewer (visited)         Ossuary (visited)
 Vaults: D:13-14

Altars:
Ashenzari
Cheibriados
Dithmenos
Elyvilon
Fedhas
Gozag
Hepliaklqana
Kikubaaqudgha
Makhleb
Nemelex Xobeh
Okawaru
Qazlal
Ru
Sif Muna
Trog
Uskayaw
Vehumet
Wu Jian
Xom
Yredelemnul
Zin
The Shining One

Shops:
D:7 [   Orc:1 %

Portals:
Trove: D:11 (give 19 potions of curing)

Annotations:
D:13 1 runed translucent door, Suq Sot's ghost, journeyman DrSk


Innate Abilities, Weirdness & Mutations

You are resistant to torment.
Your stone body is resilient. (AC +9)
You are immune to poison.
You resist negative energy. (rN+)
You are resistant to electric shocks. (rElec)
You can survive without breathing.
You are immune to petrification.
You are immune to rotting.


Message History

The ogre mage hits you but does no damage.
You hit the ogre mage.
The ogre mage is almost dead.
You feel less vulnerable to hostile enchantments.
The ogre mage barely misses you.
The death knight hits you with a +4 great mace!!
* * * LOW HITPOINT WARNING * * *
Okay, then.
You feel much better.
The ogre mage gestures at you while chanting.
The bolt of lightning hits you! You resist.
* * * LOW HITPOINT WARNING * * *
You slash the ogre mage!
The ogre mage is almost dead.
The ogre mage closely misses you. The death knight completely misses you.
You hit the ogre mage.
You kill the ogre mage!
You closely miss the death knight.
The death knight hits you with a +4 great mace!
You die...

#### # ########## #
#.....<..# ####
#........#
...#######........#
.........#.....÷@.#
...#####.'.....p[.#
...# ###........#
...# #........#
...# #........#
.### ##'####### .#
##.[# .# #..## .#
#†##


You could see a death knight.

Vanquished Creatures
  Gastronok (D:11)
  Josephine (D:10)
  An ogre mage (D:13)
  2 hydras
  Erica (D:9)
  A centaur warrior (D:13)
  5 two-headed ogres
  The ghost of grouchysmurf the Ruffian, a novice TrTm (D:7)
  2 unseen horrors
  A phantasmal warrior (D:14)
  A deep elf mage (D:13)
  9 ugly things
  A manticore (D:13)
  2 cyclopes (D:12)
  Maurice (D:9)
  2 centaur zombies
  A gargoyle (D:12)
  A queen bee (D:8)
  3 trolls
  A hornet (D:13)
  2 hippogriffs
  A slime creature (D:10)
  A shadow (D:11)
  5 wraiths
  18 yaks
  3 wyverns
  A steam dragon (D:10)
  4 vampire mosquitoes (D:12)
  A hungry ghost (D:10)
  An acid dragon (D:10)
  4 ice beasts
  A phantom (D:4)
  4 sky beasts
  6 necrophages
  5 orc warriors
  A wolf (D:8)
  5 ogres
  5 centaurs
  A crocodile (D:10)
  2 big kobolds
  Blork the orc (D:4)
  13 bullfrogs
  A water moccasin zombie (D:9)
  3 wyvern zombies
  8 scorpions
  A water moccasin skeleton (D:8)
  21 killer bees
  2 electric eels (D:8)
  5 wights (D:10)
  6 crimson imps
  2 howler monkeys (D:6)
  3 bullfrog zombies
  5 human zombies (Ossuary)
  5 jellies
  2 centaur skeletons
  A gnoll shaman (D:8)
  11 orc priests
  2 bullfrog skeletons
  13 hounds
  15 orc wizards
  8 iguanas
  2 merfolk sirens (Sewer)
  8 worker ants
  A merfolk avatar (Sewer)
  A killer bee zombie (D:5)
  The ghost of p0werm0de the Chopper, a weakling FoCK of Xom (D:4)
  2 big kobold zombies (Ossuary)
  A hound zombie (D:5)
  A hound skeleton (D:5)
  3 mummies (Ossuary)
  A worker ant zombie (D:7)
  A howler monkey skeleton (D:7)
  A scorpion zombie (Ossuary)
  5 gnolls (D:8)
  14 adders
  5 river rats
  2 shadow imps
  2 oozes
  5 adder skeletons
  An adder zombie (D:9)
  6 worms
  2 dart slugs
  3 leopard geckos
  60 orcs
  9 bats
  15 giant cockroaches
  6 goblins
  6 hobgoblins
  2 jackals (D:1)
  2 quokkas
  5 ball pythons
  8 frilled lizards
  2 goblin zombies (Ossuary)
  2 hobgoblin zombies (Ossuary)
  21 kobolds
  4 kobold zombies (Ossuary)
  3 orc zombies (Ossuary)
  30 rats
  A bush (D:9)
  A plant (D:9)
482 creatures vanquished.

Vanquished Creatures (others)
  A sky beast (D:7)
  A fungus (D:13)
  3 plants (D:13)
5 creatures vanquished.

Grand Total: 487 creatures vanquished

Notes
Turn   | Place    | Note
-------+----------+-------------------------------------------
     0 | D:1      | Borgoz the Gargoyle Gladiator began the quest for the Orb.
     0 | D:1      | Reached XP level 1. HP: 12/12 MP: 1/1
   224 | D:1      | Reached XP level 2. HP: 10/17 MP: 2/2
   350 | D:1      | Reached skill level 1 in Armour
   412 | D:1      | Found a shattered altar of Ashenzari.
   645 | D:1      | Became a worshipper of Ashenzari the Shackled
   826 | D:2      | Reached XP level 3. HP: 21/22 MP: 3/3
  1247 | D:2      | Reached XP level 4. HP: 21/27 MP: 4/4
  1603 | D:3      | Found a glowing silver altar of Zin.
  1605 | D:3      | Found an ornate altar of the Wu Jian Council.
  1616 | D:3      | Found a stormy altar of Qazlal.
  1799 | D:3      | Reached skill level 2 in Armour
  1837 | D:3      | Found a glowing drain.
  1855 | Sewer    | Entered a sewer
  1868 | Sewer    | Reached XP level 5. HP: 12/32 MP: 5/5
  2480 | Sewer    | Noticed a malarious merfolk avatar
  2522 | Sewer    | Killed a malarious merfolk avatar
  2668 | Sewer    | Reached skill level 3 in Armour
  2668 | Sewer    | Reached XP level 6. HP: 37/37 MP: 6/6
  3108 | D:3      | Found a sparkling altar of Nemelex Xobeh.
  3175 | D:3      | Reached * piety under Ashenzari
  3489 | D:4      | Noticed a sky beast
  3502 | D:4      | Killed a sky beast
  3502 | D:4      | Reached XP level 7. HP: 38/42 MP: 7/7
  3531 | D:4      | Reached skill level 4 in Armour
  3811 | D:4      | Found a shadowy altar of Dithmenos.
  3941 | D:4      | Found a runed translucent door.
  3943 | D:4      | Noticed p0werm0de's ghost (weakling FoCK)
  3989 | D:4      | Killed p0werm0de's ghost
  4109 | D:4      | Noticed Blork the orc
  4122 | D:4      | Killed Blork the orc
  4573 | D:5      | Entered Level 5 of the Dungeon
  4619 | D:5      | Reached skill level 5 in Long Blades
  4621 | D:5      | Reached XP level 8. HP: 47/48 MP: 8/8
  4623 | D:5      | Found a staircase to the Ecumenical Temple.
  4649 | Temple   | Entered the Ecumenical Temple
  4894 | D:5      | Reached ** piety under Ashenzari
  4909 | D:5      | Reached skill level 5 in Armour
  5087 | D:5      | Found a sparkling altar of Nemelex Xobeh.
  5619 | D:6      | Reached skill level 5 in Dodging
  5832 | D:6      | Reached skill level 5 in Fighting
  5832 | D:6      | Reached skill level 6 in Armour
  5991 | D:6      | Reached XP level 9. HP: 33/54 MP: 9/9
  6277 | D:7      | Found Yzer's Armour Shoppe.
  6430 | D:7      | Reached skill level 7 in Armour
  6622 | D:7      | Found a sand-covered staircase.
  6641 | Ossuary  | Entered an ossuary
  7263 | D:7      | Reached XP level 10. HP: 37/60 MP: 10/10
  7425 | D:7      | Found a runed translucent door.
  7438 | D:7      | Noticed grouchysmurf's ghost (novice TrTm)
  7606 | D:8      | Found a stormy altar of Qazlal.
  7609 | D:8      | Reached skill level 8 in Armour
  7706 | D:8      | Found a staircase to the Lair.
  7993 | D:8      | Killed an unseen horror
  8536 | D:8      | Reached *** piety under Ashenzari
  8580 | D:8      | Reached skill level 9 in Armour
  8950 | D:8      | Reached XP level 11. HP: 57/67 MP: 11/11
  9164 | D:8      | Found a snail-covered altar of Cheibriados.
  9465 | D:9      | Noticed Maurice
  9482 | D:9      | Killed Maurice
  9727 | D:9      | Found a staircase to the Orcish Mines.
  9787 | Orc:1    | Entered Level 1 of the Orcish Mines
  9789 | Orc:1    | Found Fuamizu's Food Boutique.
 10446 | D:9      | Found a blossoming altar of Fedhas.
 10531 | D:9      | Noticed Erica
 10539 | D:9      | Killed Erica
 10539 | D:9      | Reached skill level 10 in Armour
 10951 | D:7      | Bought the +1 ring mail "Biwack" {rCorr} for 302 gold
                  | pieces
 11130 | D:7      | Killed grouchysmurf's ghost
 11350 | D:10     | Entered Level 10 of the Dungeon
 11421 | D:10     | Noticed a two-headed ogre
 11422 | D:10     | Identified the +4 war axe of the Depths {chop, MR+}
 11442 | D:10     | Killed a two-headed ogre
 11824 | D:10     | Noticed a two-headed ogre
 11831 | D:10     | Killed a two-headed ogre
 11831 | D:10     | Reached skill level 11 in Armour
 11831 | D:10     | Reached XP level 12. HP: 69/75 MP: 12/12
 12134 | D:10     | Reached skill level 10 in Long Blades
 12421 | D:11     | Noticed Gastronok
 12464 | D:11     | Noticed Josephine
 12468 | D:11     | Noticed a four-headed hydra
 12742 | D:10     | Killed a one-headed hydra
 12960 | D:10     | Killed Josephine
 12978 | D:11     | Noticed a two-headed ogre
 13112 | D:11     | Killed a two-headed ogre
 13672 | D:11     | Found a portal to a secret trove of treasure.
 13722 | D:11     | Killed Gastronok
 13722 | D:11     | Reached skill level 12 in Armour
 14148 | D:12     | Noticed a six-headed hydra
 14148 | D:12     | Noticed a two-headed ogre
 14162 | D:11     | Killed a two-headed ogre
 14175 | D:12     | Killed a one-headed hydra
 14175 | D:12     | Reached skill level 10 in Dodging
 14175 | D:12     | Reached XP level 13. HP: 53/80 MP: 13/13
 14600 | D:12     | Reached **** piety under Ashenzari
 15422 | D:13     | Found a runed translucent door.
 15423 | D:13     | Identified the +7 trident of Gozag's Generosity {pierce,
                  | Stlth+}
 15423 | D:13     | Noticed Suq Sot's ghost (journeyman DrSk)
 16207 | D:14     | Reached skill level 13 in Armour
 16227 | D:14     | Reached skill level 10 in Fighting
 16240 | D:14     | Noticed an ogre mage
 16255 | D:13     | HP: 1/82 [death knight/+4 great mace (27)]
 16258 | D:13     | Killed an ogre mage
 16259 | D:13     | Slain by a death knight

Levels and vault maps discovered:
D:1:      matt_arrival_diagonals, layout_basic, nicolae_ashenzari_panopticon
D:2:      layout_loops_corners, minmay_tetromino_o4
D:3:      layout_loops_ring, grunt_temple_overflow_open, portal_sewer_entry_e,
          nemelex_dance_club_becter
D:4:      layout_layer_cave, lemuel_round_altar, ebering_ghost_reflecting_pool,
          uniq_blork_the_orc
D:5:      layout_cave_pools, minmay_temple_entry_glass, first_ration,
          nemelex_lonely_heart_becter
D:6:      layout_rooms
D:7:      layout_basic, nicolae_ossuary_entry_ruins, serial_shops, shop,
          ebering_ghost_reflecting_pool, chequers_mini_garden
D:8:      layout_loops_corners, cheibrodos_worm_habitat, erik_lair_island,
          david_nohive_1, wad_floor_pattern_untrapped,
          nicolae_qazlal_style_of_elements
D:9:      layout_roguey, hiddenorc2_lemuel, fedhas_altar_decomposition,
          uniq_maurice, uniq_erica
D:10:     kennysheep_blocky_room, layout_rooms
D:11:     layout_cross, enter_trove_3, uniq_josephine, uniq_gastronok
D:12:     layout_loops_ring
D:13:     layout_roguey, ebering_ghost_funeral_grove,
          kennysheep_opposing_triangles
D:14:     layout_long_grid, david_vaults_1, serial_shops, shop,
          kennysheep_mini_moat, nicolae_shop_stone, st_stairs_3
Temple:   minmay_crystal_spiral_temple
Orc:1:    layout_caves, serial_shops, nicolae_shop_window_shopping,
          ebering_ghost_disaster_area, basic_altar,
          chequers_guarded_unrand_ignorance

Skill      XL: |  1  2  3  4  5  6  7  8  9 10 11 12 13 |
---------------+----------------------------------------+-----
Armour         | 1 2 3 4 6 7 9 11 12 13 | 13.1
Long Blades    | 3 4 5 6 7 8 9 10 11 | 11.5
Dodging        | 3 4 5 6 7 9 10 | 10.6
Fighting       | 3 4 5 6 7 8 9 10 | 10.0
Throwing       | |  1.7

Action                   |  1- 3 |  4- 6 |  7- 9 | 10-12 | 13-15 || total
-------------------------+-------+-------+-------+-------+-------++-------
Melee: Long sword        |   103 |   289 |   553 |   121 |       ||  1066
       Falchion          |       |       |       |   706 |   215 ||   921
       Great sword       |       |       |       |    65 |       ||    65
       Scimitar          |       |       |       |    38 |       ||    38
Throw: Throwing net      |       |       |     1 |     1 |       ||     2
Invok: Curse Item        |       |     1 |       |       |       ||     1
Evoke: Wand              |       |       |     4 |     5 |       ||     9
  Use: Scroll            |     7 |     3 |     3 |     9 |     1 ||    23
       Potion            |       |     6 |     1 |     7 |     1 ||    15
 Stab: Held in net/web   |       |       |     1 |       |       ||     1
  Eat: Chunk             |     1 |     8 |     7 |    20 |     6 ||    42
       Ration            |       |       |     2 |     2 |       ||     4
Armor: Scale mail        |    56 |   182 |   306 |   221 |       ||   765
       Ring mail         |       |       |       |   192 |     4 ||   196
       Steam dragon scal |       |       |       |       |    61 ||    61
Dodge: Dodged            |    84 |   178 |   399 |   602 |   109 ||  1372
       Rpst.: Long sword |    28 |    63 |   132 |    23 |       ||   246
       Falchion          |       |       |       |   128 |    32 ||   160
       Great sword       |       |       |       |    22 |       ||    22
       Scimitar          |       |       |       |     2 |       ||     2

Table legend:
 A = Non-vault XP
 B = Vault XP
 C = Vault XP percentage of total XP
 D = Non-vault monster count
 E = Vault monster count
 F = Vault count percentage of total count
                 A         B        C        D         E       F
            +---------+---------+-------+---------+---------+-------
      Total |   33035 |   12951 |  28.2 |     317 |     164 |  34.1
            +---------+---------+-------+---------+---------+-------
        D:1 |      28 |       0 |   0.0 |      17 |       0 |   0.0
        D:2 |      50 |       8 |  13.8 |      21 |       2 |   8.7
        D:3 |      67 |      57 |  46.0 |      21 |      10 |  32.3
        D:4 |     523 |     114 |  17.9 |      13 |       2 |  13.3
        D:5 |     576 |       0 |   0.0 |      21 |       0 |   0.0
        D:6 |    1139 |       0 |   0.0 |      25 |       0 |   0.0
        D:7 |    1106 |     709 |  39.1 |      20 |       1 |   4.8
        D:8 |    2812 |    1838 |  39.5 |      42 |      22 |  34.4
        D:9 |     918 |    2670 |  74.4 |      22 |      39 |  63.9
       D:10 |    8080 |    2506 |  23.7 |      53 |      12 |  18.5
       D:11 |    5028 |    2387 |  32.2 |      31 |       2 |   6.1
       D:12 |    4013 |       0 |   0.0 |      15 |       0 |   0.0
       D:13 |    4983 |    1636 |  24.7 |      10 |       4 |  28.6
       D:14 |    3712 |       0 |   0.0 |       6 |       0 |   0.0
      Orc:1 |       0 |       3 | 100.0 |       0 |       1 | 100.0
      Sewer |       0 |     193 | 100.0 |       0 |      40 | 100.0
    Ossuary |       0 |     830 | 100.0 |       0 |      29 | 100.0
            +---------+---------+-------+---------+---------+-------
